 Dungeon Crawl Stone Soup version 0.31-a0-846-gb3bcc0d938 (webtiles) character file.

Game seed: 12056461059037366920

5268 Schnaeble the Spear-Bearer (level 10, -4/132 HPs)
             Began as a Merfolk Gladiator on Oct 3, 2023.
             Was the Champion of Uskayaw.
             Slain by a yak (11 damage)
             ... on level 9 of the Dungeon.
             The game lasted 00:28:58 (7148 turns).

Schnaeble the Spear-Bearer (Merfolk Gladiator)      Turns: 7148, Time: 00:28:58

Health: -4/132     AC: 29    Str: 17 (18) XL:     10   Next: 62%
Magic:  10/10      EV:  2    Int:  9      God:    Uskayaw [******]
Gold:   442        SH:  0    Dex: 14 (15) Spells: 9/9 levels left

rFire   + . .        L - +3 trident (drain)
rCold   x . .        M - orb {*channel}
rNeg    . . .        N - melded +0 scale mail
rPois   +            c - melded +0 helmet
rElec   .            g - melded +0 cloak
rCorr   .            x - melded +1 pair of gloves
SInv    .            (boots currently unavailable)
Will    .....        (no amulet)
Stlth   ++           F - +4 ring of protection
HPRegen 0.42/turn    G - ring of fire
MPRegen 0.12/turn

%: channel magic (20%)
@: tree-form (expiring), weak-willed
A: stationary, stasis, torment immunity, boosted hp, (nimble swimmer 2),
(mertail)
a: Renounce Religion, Stomp, Line Pass, Grand Finale


You were on level 9 of the Dungeon.
You worshipped Uskayaw.
Uskayaw was noncommittal.
You were a tree.
You visited 2 branches of the dungeon, and saw 10 of its levels.

You collected 442 gold pieces.

Inventory:

Hand Weapons
 L - a +3 trident of draining (weapon)
Missiles
 d - a throwing net (quivered)
 e - a javelin
Armour
 c - a +0 helmet (melded)
 g - a +0 cloak (melded)
 n - a +0 ring mail
 x - a +1 pair of gloves (melded)
 M - an orb of energy (worn)
 N - a +0 scale mail (melded)
Magical Staves
 o - a staff of death
 D - a staff of earth
Jewellery
 F - a +4 ring of protection (left branch)
 G - a ring of fire (right branch)
Talismans
 A - a granite talisman
Wands
 p - a wand of polymorph (10)
 y - a wand of acid (4)
 H - a wand of charming (40)
 I - a wand of iceblast (8)
Scrolls
 b - a scroll of teleportation
 f - 2 scrolls of identify
 j - 2 scrolls of revelation
 l - a scroll of silence {unknown}
 m - 3 scrolls of poison
 q - a scroll of enchant weapon
 r - a scroll of blinking {unknown}
 B - a scroll of immolation
 C - a scroll of fog {unknown}
 E - 2 scrolls of amnesia {unknown}
Potions
 a - a potion of berserk rage {unknown}
 s - 2 potions of lignification
 t - 2 potions of cancellation {unknown}
 u - a potion of attraction
 v - a potion of enlightenment
 J - a potion of resistance {unknown}
 K - a potion of ambrosia {unknown}


   Skills:
 + Level 11.3 Fighting
 - Level 14.0 Polearms
 - Level 2.0 Throwing
 - Level 3.2 Armour
 - Level 4.0 Dodging
 - Level 2.1 Stealth
 - Level 0.9 Evocations


You had 9 spell levels left.
You didn't know any spells.
Your spell library contained the following spells:

 Spells                   Type           Power      Damage    Failure   Level
 Apportation              Tloc           0%         N/A       61%         1
 Sting                    Tmut/Pois      0%         1d3       61%         1
 Jinxbite                 Hex            0%         N/A       73%         2
 Poisonous Vapours        Pois/Air       0%         N/A       73%         2
 Wereblood                Tmut           0%         N/A       73%         2
 Gell's Gravitas          Tloc           0%         N/A       90%         3
 Teleport Other           Tloc           0%         N/A       90%         3
 Olgreb's Toxic Radiance  Pois           0%         N/A       99%         4
 Alistair's Intoxication  Tmut/Pois      0%         N/A       100%        5
 Irradiate                Conj/Tmut      0%         3d11      100%        5
 Dispersal                Tloc           0%         N/A       100%        6


Dungeon Overview and Level Annotations

Branches:
Dungeon (9/15)             Temple (1/1) D:6
   Lair: D:8-11         Orc: D:9-12

Altars:
Ashenzari
Cheibriados
Dithmenos
Elyvilon
Fedhas
Gozag
Hepliaklqana
Kikubaaqudgha
Okawaru
Qazlal
Ru
Trog
Uskayaw
Wu Jian
Xom
Yredelemnul
Zin
The Shining One

Shops:
D:4 *

Annotations:
D:5 2 runed translucent doors, ratmeat3's ghost, novice OpBe


Innate Abilities, Weirdness & Mutations

You are a tree.
Your roots penetrate the ground, keeping you stationary.
You cannot be teleported.
You are immune to unholy pain and torment.
Your maximum health is greatly increased.
Your equipment is partially melded.
((You are very nimble when in or above water. (Stealth+, EV+, Speed+++)))
((Your lower body shifts to a powerful aquatic tail in water.))


Message History

The yak gores you but does no damage.
The orc warrior hits you but does no damage.
Unknown command.
Unknown command.
Unknown command.
Unknown command.
You hit the orc warrior but do no damage.
The yak gores you but does no damage. x2
You hit the orc warrior but do no damage.
You drain the orc warrior.
The orc warrior is lightly wounded.
The orc warrior hits you but does no damage.
You puncture the orc warrior!
The orc warrior is severely wounded.
The yak seems less drained.
The yak gores you but does no damage. The yak gores you.
* * * LOW HITPOINT WARNING * * *
The orc warrior hits you but does no damage.
You hit the orc warrior. You drain the orc warrior.
The orc warrior is severely wounded.
The yak gores you.
* * * LOW HITPOINT WARNING * * *
You hit the orc warrior but do no damage.
You drain the orc warrior.
The orc warrior is almost dead.
Your transformation is almost over.
The yak gores you!
* * * LOW HITPOINT WARNING * * *
The orc warrior hits you but does no damage.
You closely miss the orc warrior.
The orc warrior is almost dead.
The yak gores you but does no damage. x2
You completely miss the orc warrior.
The orc warrior is almost dead.
The orc warrior hits you with a +0 glaive.
* * * LOW HITPOINT WARNING * * *
You puncture the orc warrior!
You kill the orc warrior!
The yak gores you!
You die...

.#.######.....#......#
.###.......####......#
...........#.........#
...........#.........#
...........#.........#
...........#.........#
...........#.........#
...........#.....)...#
...........#...†♣†)..#
...........#...Y)Y.###
...........#.......#
...........#...†...#
#..........#.......###
#..........#.........#
#..........#.........#
#.....######.........#
#.....'..............#


You could see 2 yaks.

Vanquished Creatures
  2 unseen horror zombies (D:8)
  Jeremiah (D:7)
  A troll (D:9)
  4 steam dragons
  4 yaks (D:9)
  3 orc warriors
  An ice beast (D:7)
  2 black bears
  A sky beast (D:6)
  2 ogres
  2 kobold brigands
  A gnoll sergeant (D:8)
  2 bullfrogs
  9 wights (D:8)
  4 killer bees (D:8)
  3 howler monkeys
  4 hounds
  10 centaur zombies (D:8)
  4 jellies (D:5)
  A gnoll bouda (D:6)
  2 orc priests
  5 iguanas
  Natasha (thrice) (D:4)
  3 orc wizards
  3 killer bee zombies (D:8)
  3 howler monkey zombies (D:8)
  11 gnolls
  11 adders
  A shadow imp (D:5)
  A white imp (D:5)
  3 worms
  5 dart slugs
  16 orcs
  5 endoplasms
  A giant cockroach (D:4)
  7 goblins
  8 hobgoblins
  6 jackals
  31 kobolds
  3 quokkas (D:3)
  7 ball pythons
  4 bats
  3 frilled lizards
  7 rats
210 creatures vanquished.

Notes
Turn   | Place    | Note
-------+----------+-------------------------------------------
     0 | D:1      | Schnaeble the Merfolk Gladiator began the quest for the
                  | Orb.
     0 | D:1      | Reached XP level 1. HP: 16/16 MP: 1/1
    88 | D:1      | Reached XP level 2. HP: 23/23 MP: 2/2
   324 | D:1      | Reached skill level 5 in Polearms
   379 | D:2      | Reached XP level 3. HP: 28/28 MP: 3/3
   806 | D:2      | Reached XP level 4. HP: 24/35 MP: 4/4
  1380 | D:3      | Reached skill level 6 in Polearms
  1770 | D:3      | Reached XP level 5. HP: 38/41 MP: 5/5
  2107 | D:4      | Found Pituam's Practical Paraphernalia.
  2183 | D:4      | Reached skill level 1 in Armour
  2382 | D:4      | Reached skill level 7 in Polearms
  2826 | D:4      | Noticed Natasha
  2836 | D:4      | Killed Natasha
  2837 | D:4      | Reached XP level 6. HP: 37/47 MP: 6/6
  2889 | D:4      | Noticed Natasha
  2897 | D:4      | Killed Natasha
  2898 | D:4      | Reached skill level 1 in Stealth
  2955 | D:4      | Noticed Natasha
  2972 | D:4      | Killed Natasha
  3102 | D:5      | Entered Level 5 of the Dungeon
  3190 | D:5      | Found a runed translucent door.
  3196 | D:5      | Noticed ratmeat3's ghost (novice OpBe)
  3575 | D:5      | Noticed a steam dragon
  3576 | D:5      | Reached XP level 7. HP: 50/55 MP: 7/7
  3586 | D:5      | Killed a steam dragon
  3587 | D:5      | Reached skill level 8 in Polearms
  3919 | D:5      | Found a blossoming altar of Fedhas.
  4041 | D:5      | Found a runed translucent door.
  4224 | D:6      | Noticed a steam dragon
  4231 | D:6      | Killed a steam dragon
  4232 | D:6      | Reached skill level 5 in Fighting
  4253 | D:6      | Reached XP level 8. HP: 56/62 MP: 8/8
  4297 | D:6      | Reached skill level 9 in Polearms
  4391 | D:6      | Found a staircase to the Ecumenical Temple.
  4426 | D:6      | Found a shimmering altar of Xom.
  4429 | Temple   | Entered the Ecumenical Temple
  4651 | Temple   | Became a worshipper of Uskayaw the Reveller
  4736 | D:6      | Reached * piety under Uskayaw
  4746 | D:6      | Reached ** piety under Uskayaw
  4777 | D:6      | Reached skill level 10 in Polearms
  4778 | D:6      | Reached *** piety under Uskayaw
  4781 | D:6      | Reached **** piety under Uskayaw
  5023 | D:6      | Reached skill level 11 in Polearms
  5033 | D:6      | Found a snail-covered altar of Cheibriados.
  5303 | D:7      | Found a hazy altar of Hepliaklqana.
  5417 | D:7      | Reached XP level 9. HP: 62/69 MP: 9/9
  5655 | D:7      | Reached skill level 12 in Polearms
  5729 | D:7      | Noticed Jeremiah
  5755 | D:7      | Killed Jeremiah
  5900 | D:7      | Found a white marble altar of Elyvilon.
  5900 | D:7      | Found a glowing silver altar of Zin.
  5900 | D:7      | Found a glowing golden altar of the Shining One.
  5948 | D:8      | Reached ***** piety under Uskayaw
  5973 | D:8      | Reached skill level 13 in Polearms
  6044 | D:8      | Found a basalt altar of Yredelemnul.
  6393 | D:8      | Reached skill level 14 in Polearms
  6488 | D:8      | Reached XP level 10. HP: 59/82 MP: 10/10
  6621 | D:8      | Reached skill level 10 in Fighting
  7140 | D:9      | Reached ****** piety under Uskayaw
  7148 | D:9      | Slain by a yak

Illustrated notes

Levels and vault maps discovered:
D:1:      spicycebolla_arrival_ecumenical, layout_rooms
D:2:      layout_rooms, serial_curves, eino_curves_01, eino_curves_04,
          eino_curves_03, eino_curves_04
D:3:      layout_loops_corners, kennysheep_generic_room_12
D:4:      layout_basic, wad_floor_pattern_untrapped, nicolae_alphabet_shops,
          grunt_decor_cap, uniq_natasha
D:5:      layout_loops_ring, kennysheep_little_box, ebering_ghost_sewer_f
D:6:      layout_loops_cross, grunt_temple_overflow_lords_of_destruction,
          cheibrodos_worm_habitat, lemuel_round_altar,
          minmay_temple_entry_drinking_statues
D:7:      layout_loops_cross, dreamdust_divine_triumvirate,
          nicolae_hepliaklqana_hazy_memory, uniq_jeremiah
D:8:      kennysheep_kobold_camp, layout_basic, yredelemnul_altar_generic,
          serial_undead, serial_undead_d, serial_undead_b, serial_undead_f,
          serial_undead_d, serial_undead_a, serial_undead_a, serial_undead_f,
          serial_undead_b, hangedman_glass_teeth
D:9:      layout_irregular_city, lemuel_round_altar, erik_orc_1
Temple:   hellmonk_temple_flake

Skill      XL: |  1  2  3  4  5  6  7  8  9 10 |
---------------+-------------------------------+-----
Polearms       | 5 6 7 8 11 14 | 14.0
Fighting       | 3 4 5 6 8 11 | 11.3
Armour         | 1 2 3 |  3.2
Stealth        | 1 2 |  2.1
Throwing       | |  2.0
Dodging        | |  4.0
Evocations     | |  0.9

Action                     |  1- 3 |  4- 6 |  7- 9 | 10-12 || total
---------------------------+-------+-------+-------+-------++-------
  Melee: Trident           |    99 |   192 |   383 |   162 ||   836
         Punch             |     2 |       |     1 |       ||     3
  Throw: Throwing net      |       |       |     5 |     2 ||     7
 Invoke: Stomp             |       |       |       |     3 ||     3
  Evoke: Wand              |       |     2 |    10 |     2 ||    14
    Use: Potion            |       |     2 |     3 |     7 ||    12
         Scroll            |       |     1 |     4 |     8 ||    13
   Stab: Sleeping          |     1 |     1 |     2 |       ||     4
         Distracted        |       |       |     1 |       ||     1
         Paralysed         |       |       |     8 |     8 ||    16
         Held in net/web   |       |       |     2 |       ||     2
 Armour: Leather armour    |    20 |       |       |       ||    20
         Ring mail         |    33 |   110 |   167 |    18 ||   328
         Skin              |       |       |     3 |   101 ||   104
         Scale mail        |       |       |       |    69 ||    69
  Dodge: Dodged            |    75 |    95 |   193 |    76 ||   439

Table legend: (Time is in decaauts)
 A = Elapsed time spent in this place.
 B = Non-inter-level travel time spent in this place.
 C = Inter-level travel time spent in this place.
 D = Time resting spent in this place.
 E = Time spent auto-exploring this place.
 F = Levels seen in this place.
 G = Mean time per level.
                   A        B        C        D        E       F      G
               +--------+--------+--------+--------+--------+-----+--------+
         Total |   6988 |   6661 |    327 |      0 |   4869 |  10 |  698.8 |
       Dungeon |   6754 |   6596 |    158 |      0 |   4869 |   9 |  750.4 |
        Temple |    233 |     64 |    169 |      0 |      0 |   1 |  233.0 |
               +--------+--------+--------+--------+--------+-----+--------+

Top non-repeatable levels by time:
     D:4: 1085 daAuts
     D:5: 1027 daAuts
     D:3: 941 daAuts
     D:8: 818 daAuts
     D:6: 768 daAuts
     D:2: 744 daAuts
     D:7: 736 daAuts
     D:1: 350 daAuts
     D:9: 281 daAuts
  Temple: 233 daAuts
